 Dungeon Crawl Stone Soup version 0.18-b1-18-g7758cf2 (webtiles) character file.

3751 HaroldButt the Summoner (level 9, -2/57 HPs)
             Began as a Mummy Summoner on May 2, 2016.
             Was an Initiate of Sif Muna.
             Slain by an orc
             ... wielding a +0 short sword
              (3 damage)
             ... on level 9 of the Dungeon.
             The game lasted 01:18:11 (10597 turns).

HaroldButt the Summoner (Mummy Summoner)           Turns: 10597, Time: 01:18:11

Health: -2/57      AC: 10    Str: 11    XL:     9   Next: 93%
Magic:  19/24      EV: 11    Int: 18    God:    Sif Muna [......]
Gold:   483        SH:  0    Dex: 12    Spells: 4 memorised, 6 levels left

rFire  . . .     SeeInvis .     s - +0 lightning rod (14/14)
rCold  + . .     Gourm    .     f - +0 leather armour {rF+}
rNeg   + + +     Faith    .     (no shield)
rPois  ∞         Spirit   .     e - +2 helmet
rElec  .         Dismiss  .     h - +2 cloak
rCorr  .         Reflect  .     (no gloves)
SustAt .         Harm     .     C - +0 pair of boots
MR     ++...                    (no amulet)
Stlth  +.........               g - ring of magical power
                                B - ring of protection from magic

@: very resistant to hostile enchantments, very unstealthy
A: no food or potions, fire vulnerability, cold resistance 1, negative energy
resistance 3, torment resistance, unbreathing
a: Renounce Religion


You were on level 9 of the Dungeon.
You worshipped Sif Muna.
Sif Muna was noncommittal.
You were not hungry.

You visited 2 branches of the dungeon, and saw 10 of its levels.
You also visited: Ossuary.

You collected 483 gold pieces.

Inventory:

Hand Weapons
 x - a +1 dagger of protection
 A - a +2 whip of electrocution
Missiles
 d - a throwing net (quivered)
 j - 24 poisoned needles
Armour
 e - a +2 helmet (worn)
 f - a +0 leather armour of fire resistance (worn)
 h - a +2 cloak (worn)
 C - a +0 pair of boots (worn)
 D - a troll hide
Rods
 s - a +0 lightning rod (14/14) (in hand)
   (You found it on level 7 of the Dungeon)
Jewellery
 c - an uncursed ring of sustain attributes
 g - a ring of magical power (right hand)
 n - an uncursed ring of resist corrosion
 o - a +1 ring of protection
 B - a ring of protection from magic (left hand)
Wands
 i - a wand of slowing (31/48)
 l - a wand of paralysis (13/24)
 p - a wand of acid (8/15)
 r - a wand of lightning (6/15)
 u - a wand of iceblast (5/15)
 v - a wand of paralysis (13/24)
Scrolls
 k - 3 scrolls of random uselessness
 m - 3 scrolls of remove curse
 w - a scroll of magic mapping
 z - 2 scrolls of recharging
Books
 b - a book of Callings

   Spells                             Type                      Level
   a - Summon Small Mammal            Summoning                    1
   b - Call Imp                       Summoning                    2
   c - Call Canine Familiar           Summoning                    3
   d - Summon Guardian Golem          Hexes/Summoning              3
   e - Summon Lightning Spire         Summoning/Air                4
   f - Summon Ice Beast               Ice/Summoning                4
 q - a Young Poisoner's Handbook

   Spells                             Type                      Level
   a - Sting                          Conjuration/Poison           1
   b - Cure Poison                    Poison                       2
   c - Mephitic Cloud                 Conjuration/Poison/Air       3
   d - Olgreb's Toxic Radiance        Poison                       4
   e - Venom Bolt                     Conjuration/Poison           5
 y - a book of Cantrips

   Spells                             Type                      Level
   a - Corona                         Hexes                        1
   b - Animate Skeleton               Necromancy                   1
   c - Summon Small Mammal            Summoning                    1
   d - Apportation                    Translocation                1


   Skills:
 - Level 1.5 Dodging
 - Level 1.5 Stealth
 - Level 4.1 Spellcasting
 + Level 9.9 Summonings
 + Level 6.7 Ice Magic


You had 6 spell levels left.
You knew the following spells:

 Your Spells              Type           Power        Failure   Level  Hunger
a - Summon Small Mammal   Summ           ####         1%          1    N/A
b - Call Imp              Summ           #####...     1%          2    N/A
c - Call Canine Familiar  Summ           #####...     1%          3    N/A
d - Summon Ice Beast      Ice/Summ       ####....     10%         4    N/A

Dungeon Overview and Level Annotations

Branches:
Dungeon (9/15)             Temple (1/1) D:6            Lair (0/8) D:8
    Orc: D:9-12

Altars:
Ashenzari
Cheibriados
Dithmenos
Elyvilon
Fedhas
Gozag
Kikubaaqudgha
Makhleb
Nemelex Xobeh
Okawaru
Pakellas
Qazlal
Ru
Sif Muna
Trog
Vehumet
Xom
Yredelemnul
Zin
The Shining One


Innate Abilities, Weirdness & Mutations

You do not eat or drink.
Your flesh is vulnerable to fire.
You are immune to poison.
Your flesh is cold resistant.
You are immune to negative energy.
You are immune to unholy pain and torment.
You can survive without breathing.


Message History

You hit the kobold.
There is a sudden explosion of sparks!
You kill the kobold!
Your surroundings suddenly seem different.
Read which item? (? for menu, Esc to quit)
Okay, then.
Read which item? (? for menu, Esc to quit)
As you read the scroll of fog, it crumbles to dust.
The scroll dissolves into smoke.
Wield which item (- for none, * to show all)? (? for menu, Esc to quit)
Your +2 whip of electrocution stops crackling.
s - a +0 lightning rod (14/14) (in hand)
Aiming: Thunderbolt
Press: ? - help, Shift-Dir - straight line, p - orc warrior
Okay, then.
The orc warrior hits you from afar with a glaive.
* * * LOW HITPOINT WARNING * * *
Casting: Summon Ice Beast
Confirm with . or Enter, or press ? or * to list all spells.
A chill wind blows around you. The orc hits you with a short sword.
You die...

### ################ ..#
#.....§§o@o§..>#
..######...§§§o§oo§...#
..##......†.§§oo§Y§o..#
..#..###.....§§.......###
..#.## #........(.....)Y#
..'.# #####.##########.#
..### #....##### .# ..#
####.o...# oo ###
#####.K...oo


You could see an orc warrior, an orc priest, 5 orcs and a friendly ice beast.

Vanquished Creatures
  A troll (D:9)
  A slave (D:8)
  A sky beast (D:6)
  An ogre (D:4)
  3 centaurs
  A big kobold (D:9)
  3 giant frogs
  2 scorpions
  14 killer bees
  3 howler monkeys
  2 crimson imps
  2 hounds
  An orc priest (D:4)
  2 iguanas
  5 worker ants
  A howler monkey zombie (D:4)
  2 worker ant zombies (D:9)
  A howler monkey skeleton (D:8)
  6 adders
  2 shadow imps
  2 oozes
  An adder zombie (Ossuary)
  2 adder skeletons (D:4)
  3 worms
  4 giant geckos
  11 orcs
  3 bats
  8 giant cockroaches
  6 goblins
  9 hobgoblins
  7 jackals
  6 kobolds
  4 quokkas
  A ball python (D:4)
  A giant cockroach zombie (D:4)
  3 giant newts
  A goblin zombie (D:7)
  A hobgoblin zombie (D:7)
  A jackal skeleton (D:6)
  A kobold skeleton (D:7)
  A quokka skeleton (D:4)
  A quokka zombie (D:5)
  7 rats
138 creatures vanquished.

Vanquished Creatures (collateral kills)
  Pikel (D:9)
  A troll (D:9)
  A queen bee (D:9)
  A two-headed ogre (D:8)
  Sigmund (D:2)
  A hippogriff (D:8)
  An eye of draining (D:9)
  A wasp (D:9)
  A black bear (D:8)
  An ice beast (D:5)
  A centaur (D:7)
  2 necrophages
  2 ogres (D:5)
  A wyvern zombie (D:8)
  A scorpion (D:9)
  6 killer bees (D:9)
  A lava snake (D:8)
  2 crimson imps
  A centaur zombie (D:5)
  A centaur skeleton (D:4)
  An orc priest (D:5)
  3 orc wizards
  Ijyb (D:3)
  A worker ant (D:8)
  A killer bee zombie (D:8)
  A hound skeleton (D:8)
  6 adders
  An adder skeleton (D:4)
  A worm (D:4)
  A dart slug (D:1)
  2 giant geckos
  9 orcs
  2 hobgoblins (D:1)
  3 jackals (D:1)
  A ball python (D:4)
  A giant newt (D:1)
  A goblin (D:1)
  A goblin skeleton (D:7)
  A goblin zombie (D:7)
  A hobgoblin zombie (Ossuary)
  2 kobolds (D:9)
  3 kobold zombies (D:7)
  An orc skeleton (D:7)
  An orc zombie (D:7)
  2 rats (D:1)
76 creatures vanquished.

Vanquished Creatures (others)
  3 slaves (D:9)
  A crocodile (D:6)
  A hound (D:6)
  A shadow imp (D:6)
6 creatures vanquished.

Grand Total: 220 creatures vanquished

Notes
Turn   | Place    | Note
--------------------------------------------------------------
     0 | D:1      | HaroldButt the Mummy Summoner began the quest for the Orb.
     0 | D:1      | Reached XP level 1. HP: 13/13 MP: 3/3
   438 | D:1      | Reached XP level 2. HP: 13/19 MP: 1/5
   450 | D:1      | Learned a level 2 spell: Call Imp
  1083 | D:1      | Reached skill level 4 in Summonings
  1167 | D:1      | Reached XP level 3. HP: 12/24 MP: 6/6
  1932 | D:2      | Reached XP level 4. HP: 21/30 MP: 7/7
  1951 | D:2      | Learned a level 3 spell: Call Canine Familiar
  2359 | D:2      | Noticed Sigmund
  2372 | D:2      | Killed Sigmund
  2372 | D:2      | Reached skill level 5 in Summonings
  2372 | D:2      | Reached XP level 5. HP: 15/35 MP: 8/8
  3047 | D:3      | Reached skill level 6 in Summonings
  3169 | D:3      | Noticed Ijyb
  3176 | D:3      | Killed Ijyb
  3176 | D:3      | Reached XP level 6. HP: 22/41 MP: 9/9
  4604 | D:4      | Reached XP level 7. HP: 42/46 MP: 12/12
  4687 | D:4      | Found a bloodstained altar of Trog.
  4766 | D:4      | Found a shadowy altar of Dithmenos.
  5022 | D:5      | Entered Level 5 of the Dungeon
  5055 | D:5      | Found a snail-covered altar of Cheibriados.
  5305 | D:5      | Learned a level 4 spell: Summon Ice Beast
  5353 | D:5      | Reached skill level 7 in Summonings
  5606 | D:5      | Found an opulent altar of Gozag.
  5683 | D:5      | Reached skill level 1 in Ice Magic
  6305 | D:6      | Found an oddly glowing altar of Pakellas.
  6305 | D:6      | Noticed an orange crystal statue
  6319 | D:6      | Found a shattered altar of Ashenzari.
  6336 | D:6      | Reached XP level 8. HP: 36/52 MP: 14/14
  6387 | D:6      | Found a sand-covered staircase.
  6396 | Ossuary  | Entered an ossuary
  6412 | Ossuary  | Noticed F1L1N's ghost (novice TrBe)
  6808 | D:6      | Found a white marble altar of Elyvilon.
  6917 | D:6      | Found a radiant altar of Vehumet.
  6978 | D:6      | Found a staircase to the Ecumenical Temple.
  6998 | Temple   | Entered the Ecumenical Temple
  7496 | D:7      | Reached skill level 8 in Summonings
  7560 | D:7      | Found a shimmering altar of Xom.
  7643 | D:7      | Found a glowing golden altar of the Shining One.
  8142 | D:8      | Found an oddly glowing altar of Pakellas.
  8174 | D:8      | Found a sparkling altar of Nemelex Xobeh.
  8219 | D:8      | HP: 1/52 [wyvern zombie (12)]
  8747 | D:8      | Found a glowing golden altar of the Shining One.
  8777 | D:8      | Found an iron altar of Okawaru.
  9029 | D:8      | Found a burning altar of Makhleb.
  9050 | D:8      | Reached XP level 9. HP: 57/57 MP: 10/15
  9079 | D:8      | Found a staircase to the Lair.
  9140 | D:9      | Noticed Pikel
  9390 | D:9      | Noticed a queen bee
  9395 | D:9      | Reached skill level 5 in Ice Magic
  9402 | D:9      | Killed a queen bee
  9402 | D:9      | Reached skill level 9 in Summonings
  9526 | D:9      | Killed Pikel
  9932 | D:9      | Found a glowing silver altar of Zin.
 10175 | D:9      | Found a sacrificial altar of Ru.
 10202 | D:9      | Noticed a troll
 10208 | D:9      | Killed a troll
 10229 | D:9      | Found a deep blue altar of Sif Muna.
 10235 | D:9      | Became a worshipper of Sif Muna the Loreminder
 10509 | D:9      | Found Amihuuc's Assorted Antiques.
 10523 | D:9      | Noticed a troll
 10530 | D:9      | Killed a troll
 10596 | D:9      | HP: 1/57 [orc warrior/glaive (5)]
 10597 | D:9      | Slain by an orc

Skill      XL: |  1  2  3  4  5  6  7  8  9 |
---------------+----------------------------+-----
Summonings     | 4 5 6 7 8 9 |  9.9
Spellcasting   | 3 4 |  4.1
Ice Magic      | 1 4 6 |  6.7
Dodging        | |  1.5
Stealth        | |  1.5

Action                   |  1- 3 |  4- 6 |  7- 9 || total
-------------------------+-------+-------+-------++-------
Melee: Unarmed           |    20 |       |       ||    20
       Whip              |    34 |       |    94 ||   128
       Dagger            |    67 |   182 |   241 ||   490
 Cast: Summon Small Mamm |    21 |     1 |       ||    22
       Call Imp          |     6 |    18 |    55 ||    79
       Call Canine Famil |       |     5 |    14 ||    19
       Summon Ice Beast  |       |       |    28 ||    28
Evoke: Rod               |       |       |     8 ||     8
  Use: Scroll            |     2 |     6 |    13 ||    21
 Stab: Sleeping          |     2 |     1 |     3 ||     6
       Distracted        |       |       |     1 ||     1
Armor: Robe              |    19 |    18 |       ||    37
       Leather armour    |       |    24 |   169 ||   193
Dodge: Dodged            |    67 |    96 |   220 ||   383
